 Dungeon Crawl Stone Soup version 0.25-a0-1079-g858b6a6ff6 (webtiles) character file.

Game seed: 3983251998108198134, levelgen mode: classic

263 Amnesiac the Covered (level 5, -2/32 HPs)
             Began as a Deep Elf Fighter on May 15, 2020.
             Was an Initiate of Okawaru.
             Slain by a gnoll
             ... wielding a +1 spear of venom
              (7 damage)
             ... on level 4 of the Dungeon.
             The game lasted 00:05:09 (4283 turns).

Amnesiac the Covered (Deep Elf Fighter)             Turns: 4283, Time: 00:05:10

Health: -2/32      AC:  6    Str: 14    XL:     5   Next: 97%
Magic:  9/9        EV:  8    Int: 13    God:    Okawaru [......]
Gold:   183        SH:  8    Dex: 14    Spells: 4/4 levels left

rFire    . . .     SeeInvis .   l - +2 whip (distort)
rCold    . . .     Gourm    .   c - +0 kite shield
rNeg     . . .     Faith    .   b - +0 scale mail
rPois    .         Spirit   .   (no helmet)
rElec    .         Reflect  .   (no cloak)
rCorr    .         Harm     .   (no gloves)
MR       .....                  (no boots)
Stlth    ..........             (no amulet)
HPRegen  0.10/turn              (no ring)
MPRegen  0.11/turn              (no ring)

@: lethally poisoned (-2 -> -20)
A: no striking features
a: Renounce Religion


You were on level 4 of the Dungeon.
You worshipped Okawaru.
Okawaru was noncommittal.
You were not hungry.

You visited 1 branch of the dungeon, and saw 4 of its levels.

You collected 183 gold pieces.

Inventory:

Hand Weapons
 a - a +2 vampiric short sword
 h - a +0 war axe
 l - a +2 whip of distortion (weapon)
Missiles
 m - 8 arrows
 r - 14 poisoned darts (quivered)
Armour
 b - a +0 scale mail (worn)
 c - a +0 kite shield (worn)
 i - a +0 helmet
Scrolls
 e - 2 scrolls of amnesia {!r, unknown}
 g - 3 scrolls of identify {!r, unknown}
 k - 6 scrolls of remove curse {!r, unknown}
 n - a scroll of noise {!r, unknown}
 o - a scroll of teleportation {!r, unknown}
Potions
 d - a potion of might {!q}
 j - a potion of lignification {!q}
 p - a potion of flight {!q, unknown}
 q - a potion of degeneration {!q, unknown}
Comestibles
 f - 5 rations


   Skills:
 + Level 3.3 Fighting
 - Level 2.0 Axes
 + Level 3.4 Armour
 + Level 3.2 Dodging
 - Level 2.4 Shields
 + Level 2.9 Invocations


You had 4 spell levels left.
You didn't know any spells.
Your spell library was empty.

Dungeon Overview and Level Annotations

Branches:
Dungeon (4/15)
 Temple: D:4-7

Altars:
Elyvilon
Okawaru
Vehumet


Message History

You start waiting.
The gnoll is too close now for your liking.
You hit the gnoll.
Space warps horribly around the gnoll!!
You kill the gnoll!
Okawaru accepts your kill.
No target in view!
No target in view!
The gnoll shouts!
There is a stone staircase leading down here.
The gnoll shaman calls upon its god to speed up something.
Throwing (i - inventory)
r - 16 poisoned darts (quivered)
Press: ? - help, Shift-Dir - straight line, f - gnoll shaman
Aim: a gnoll shaman, wielding a +0 whip and wearing a +0 robe You throw a poisoned dart.
The poisoned dart hits the gnoll shaman.
The gnoll shaman is poisoned.
Your shield and scale mail prevent you from hitting the gnoll shaman.
You block the gnoll shaman's attack.
You hit the gnoll shaman but do no damage.
Space bends around the gnoll shaman.
The gnoll shaman is moderately wounded.
You block the gnoll's attack. The gnoll shaman closely misses you.
You hit the gnoll shaman but do no damage.
Space bends around the gnoll shaman.
The gnoll shaman is severely wounded.
The gnoll hits you but does no damage.
You are poisoned.
The gnoll shaman hits you with a +0 whip.
The gnoll hits you but does no damage.
You hit the gnoll shaman.
Space bends around the gnoll shaman.
You kill the gnoll shaman!
Okawaru accepts your kill.
You feel sick.
The gnoll hits you from afar with a +1 spear of venom.
You are more poisoned.
The gnoll hits you but does no damage.
Throwing (i - inventory)
r - 15 poisoned darts (quivered)
Press: ? - help, Shift-Dir - straight line, f - gnoll
Aim: a gnoll, wielding a +1 spear of venom (fast)
You throw a poisoned dart. The poisoned dart hits the gnoll.
The gnoll is poisoned.
You feel sick. The gnoll hits you but does no damage.
You block the gnoll's attack.
You feel sick.
You feel sick.
The gnoll hits you with a +1 spear of venom.
* * * LOW HITPOINT WARNING * * *
You are more poisoned.
You completely miss the gnoll.
The gnoll is moderately wounded.
* * * LOW HITPOINT WARNING * * *
You feel sick. You block the gnoll's attack. The gnoll closely misses you.
You closely miss the gnoll.
The gnoll is moderately wounded.
* * * LOW HITPOINT WARNING * * *
You feel sick.
The gnoll hits you with a +1 spear of venom.
* * * LOW HITPOINT WARNING * * *
You block the gnoll's attack.
You closely miss the gnoll.
The gnoll is moderately wounded.
* * * LOW HITPOINT WARNING * * *
You feel sick.
The gnoll looks more healthy.
The gnoll hits you with a +1 spear of venom!
You die...

##.## #.# ###
#####.### #.......#
#.###.#.# ##...#.#.#
#......#.#
###........#
...........#######
####..........@g.#
##......#####(#
#.....######.#####
####.###.........#
#.# #.###.###.# #.#
#.# #.###.###
##'###.# #g.......
##...##.# #........
##.....#g###........


You could see a gnoll (fast).

Vanquished Creatures
  A gnoll shaman (D:4)
  An iguana (D:4)
  2 worker ants (D:4)
  2 hound skeletons (D:4)
  2 gnolls
  5 adders
  3 worms (D:2)
  A dart slug (D:3)
  A leopard gecko (D:4)
  7 bats
  4 giant cockroaches
  7 hobgoblins
  5 jackals
  2 quokkas
  3 ball pythons
  3 frilled lizards
  6 goblins
  6 kobolds
  6 rats
67 creatures vanquished.

Vanquished Creatures (others)
  A quokka (D:3)
1 creature vanquished.

Grand Total: 68 creatures vanquished

Notes
Turn   | Place    | Note
-------+----------+-------------------------------------------
     0 | D:1      | Amnesiac the Deep Elf Fighter began the quest for the Orb.
     0 | D:1      | Reached XP level 1. HP: 13/13 MP: 3/3
   132 | D:1      | You fall into a shaft and drop 1 floor!
   150 | D:2      | Found an iron altar of Okawaru.
   158 | D:2      | Became a worshipper of Warmaster Okawaru
   206 | D:2      | Reached XP level 2. HP: 17/18 MP: 4/4
   819 | D:1      | Reached skill level 1 in Dodging
   972 | D:1      | Reached skill level 1 in Invocations
   972 | D:1      | Reached XP level 3. HP: 4/22 MP: 5/5
  2018 | D:2      | Found a white marble altar of Elyvilon.
  2054 | D:2      | Reached XP level 4. HP: 26/27 MP: 7/7
  2065 | D:2      | Found a faded altar of an unknown god.
  2860 | D:3      | Found a radiant altar of Vehumet.
  3253 | D:4      | Reached XP level 5. HP: 8/32 MP: 8/8
  4283 | D:4      | Slain by a gnoll

Illustrated notes

Levels and vault maps discovered:
D:1:      dpeg_arrival_brainrot, layout_basic
D:2:      layout_basic, marbit_many_paths,
          chequers_ecumenical_altar_simple_redux, okawaru_gym_becter
D:3:      layout_loops_ring, fiery_altar_vehumet, first_ration
D:4:      layout_loops_corners, minmay_temple_entry_statues, uniq_menkaure

Skill      XL: |  1  2  3  4  5 |
---------------+----------------+-----
Axes           | 2 |  2.0
Dodging        | 1 2 3 |  3.2
Invocations    | 1 2 |  2.9
Armour         | 3 |  3.4
Fighting       | 3 |  3.3
Shields        | |  2.4

Action                   |  1- 3 |  4- 6 || total
-------------------------+-------+-------++-------
Melee: War axe           |    13 |       ||    13
       Short sword       |   113 |   157 ||   270
       Whip              |       |     8 ||     8
Throw: Dart              |       |    29 ||    29
  Use: Potion            |       |     1 ||     1
  Eat: Chunk             |     4 |     7 ||    11
Armor: Scale mail        |    47 |    62 ||   109
       Skin              |       |    23 ||    23
Dodge: Dodged            |    36 |    49 ||    85
Block: Kite shield       |    63 |    73 ||   136

Table legend:
 A = Non-vault XP
 B = Vault XP
 C = Vault XP percentage of total XP
 D = Non-vault monster count
 E = Vault monster count
 F = Vault count percentage of total count
                 A         B        C        D         E       F
            +---------+---------+-------+---------+---------+-------
      Total |     372 |       4 |   1.1 |      65 |       2 |   3.0
            +---------+---------+-------+---------+---------+-------
        D:1 |      34 |       2 |   5.6 |      13 |       1 |   7.1
        D:2 |      79 |       2 |   2.5 |      22 |       1 |   4.3
        D:3 |      48 |       0 |   0.0 |      20 |       0 |   0.0
        D:4 |     211 |       0 |   0.0 |      10 |       0 |   0.0
            +---------+---------+-------+---------+---------+-------
